 Dungeon Crawl Stone Soup version 0.30-a0-755-g0b50240ab4 (webtiles) character file.

Game seed: 10559390323972797504

9 BRD the Chopper (level 2, 22/22 HPs)
             Began as a Demonspawn Gladiator on Feb 9, 2023.
             Quit the game on level 1 of the Dungeon.
             The game lasted 00:00:29 (102 turns).

BRD the Chopper (Demonspawn Gladiator)               Turns: 102, Time: 00:00:30

Health: 22/22      AC:  3    Str: 14    XL:     2   Next: 3%
Magic:  2/2        EV: 12    Int:  9    God:
Gold:   7          SH:  0    Dex: 14    Spells: 1/1 levels left

rFire   . . .      SeeInvis .    a - +0 war axe
rCold   . . .      Faith    .    (no shield)
rNeg    . . .      Spirit   .    b - +0 leather armour
rPois   .          Reflect  .    (helmet restricted)
rElec   .          Harm     .    (no cloak)
rCorr   .          Rampage  .    (no gloves)
Will    .....                    (no boots)
Stlth   +                        (no amulet)
HPRegen 0.23/turn                (no ring)
MPRegen 0.08/turn                (no ring)

@: no status effects
A: horns 1
a: no special abilities


You were on level 1 of the Dungeon.
You visited 1 branch of the dungeon, and saw 1 of its levels.

You collected 7 gold pieces.

Inventory:

Hand Weapons
 a - a +0 war axe (weapon)
Missiles
 d - 3 throwing nets
 e - a javelin (quivered)
Armour
 b - a +0 leather armour (worn)
 c - a +0 helmet
Scrolls
 f - a scroll of poison {unknown}


   Skills:
 + Level 2.2 Fighting
 + Level 2.8 Axes
 - Level 2.0 Throwing
 + Level 2.8 Dodging


You had one spell level left.
You didn't know any spells.
Your spell library was empty.

Dungeon Overview and Level Annotations

Branches:
Dungeon (1/15)

Altars:


Innate Abilities, Weirdness & Mutations

You have a pair of small horns on your head.


Message History

The endoplasm attacks as you move away! The endoplasm barely misses you.
You slash the endoplasm!
You kill the endoplasm!
You slash the hobgoblin!
You kill the hobgoblin!
The rat bites you.
You completely miss the rat. The rat closely misses you.
You closely miss the rat. The rat bites you.
You closely miss the rat. The rat barely misses you. x2
You slash the rat!
You kill the rat!
You slash the frilled lizard!
You kill the frilled lizard!
No target in view!
HP restored.
You see here a rat corpse.
There is a shaft here.
A hobgoblin comes into view.
The hobgoblin shouts!
The hobgoblin hits you but does no damage.
You slash the hobgoblin!
You kill the hobgoblin!
No target in view!
No target in view!
A bat comes into view.
A bat is nearby!
A rat comes into view.
A goblin comes into view. It is wielding a +0 dagger.
The goblin shouts!
The bat hits you but does no damage. The bat hits you but does no damage.
You hit the bat.
You kill the bat!
Training target 2.0 for Throwing reached!
Your Throwing skill increases to level 2!
You have reached level 2!
Your demonic ancestry asserts itself...
A pair of horns grows on your head!
Your +0 helmet falls away!
Are you sure you want to abandon this character and quit the game? (Confirm with "yes".)

# .# ###. .#
....######.#
...........#
#..........#
#....gr@...#
#.....†....# #.
#..........#
#.##..........#
.....#######.#
#..# #####.#
... #.....#
#.###.#####
#.....##


You could see a goblin and a rat.

Vanquished Creatures
  A bat (D:1)
  2 endoplasms (D:1)
  2 hobgoblins (D:1)
  A ball python (D:1)
  A frilled lizard (D:1)
  A rat (D:1)
8 creatures vanquished.

Notes
Turn   | Place    | Note
-------+----------+-------------------------------------------
     0 | D:1      | BRD the Demonspawn Gladiator began the quest for the Orb.
     0 | D:1      | Reached XP level 1. HP: 16/16 MP: 1/1
   102 | D:1      | Gained mutation: You have a pair of small horns on your
                  | head. [demonic ancestry]
   102 | D:1      | Reached XP level 2. HP: 22/22 MP: 2/2
   102 | D:1      | Quit the game

Illustrated notes

Levels and vault maps discovered:
D:1:      eino_arrival_cavern_e, layout_rooms, skrybe_limestone_x,
          solitary_fountain, chequers_serial_rivers_micro_d

Skill      XL: |  1 |
---------------+----+-----
Throwing       | 2 |  2.0
Fighting       | |  2.2
Axes           | |  2.8
Dodging        | |  2.8

Action                     || total
---------------------------++-------
  Melee: War axe           ||    13
 Armour: Leather armour    ||     5
  Dodge: Dodged            ||     7

Table legend: (Time is in decaauts)
 A = Elapsed time spent in this place.
 B = Non-inter-level travel time spent in this place.
 C = Inter-level travel time spent in this place.
 D = Time resting spent in this place.
 E = Time spent auto-exploring this place.
 F = Levels seen in this place.
 G = Mean time per level.
                   A        B        C        D        E       F      G
               +--------+--------+--------+--------+--------+-----+--------+
         Total |    106 |    106 |      0 |      0 |     74 |   1 |  106.0 |
       Dungeon |    106 |    106 |      0 |      0 |     74 |   1 |  106.0 |
               +--------+--------+--------+--------+--------+-----+--------+

Top non-repeatable levels by time:
     D:1: 106 daAuts
